 Dungeon Crawl Stone Soup version 0.29-a0-563-g64e4043184 (webtiles) character file.

Game seed: 14895103308113363372

25 DocClef the Covert (level 3, -1/35 HPs)
             Began as a Gnoll Delver on June 11, 2022.
             Slain by a white imp (5 damage)
             ... on level 5 of the Dungeon.
             The game lasted 00:00:11 (172 turns).

DocClef the Covert (Gnoll Delver)                    Turns: 172, Time: 00:00:11

Health: -1/35      AC:  3    Str: 11    XL:     3   Next: 4%
Magic:  3/3        EV: 13    Int:  9    God:
Gold:   36         SH:  0    Dex: 15    Spells: 3/3 levels left

rFire   . . .      SeeInvis .   a - +0 short sword
rCold   . . .      Faith    .   (no shield)
rNeg    . . .      Spirit   .   b - +0 leather armour
rPois   .          Reflect  .   (no helmet)
rElec   .          Harm     .   (no cloak)
rCorr   .          Rampage  .   (no gloves)
Will    .....                   (no boots)
Stlth   ++++......              (no amulet)
HPRegen 0.11/turn               (no ring)
MPRegen 0.08/turn               (no ring)

@: no status effects
A: fangs 1, strong nose, distributed training
a: no special abilities


You were on level 5 of the Dungeon.
You visited 1 branch of the dungeon, and saw 1 of its levels.

You collected 36 gold pieces.

Inventory:

Hand Weapons
 a - a +0 short sword (weapon)
Armour
 b - a +0 leather armour (worn)
Wands
 g - a wand of digging (3)
Scrolls
 c - a scroll of fog
 d - a scroll of magic mapping
 e - a scroll of fear
Potions
 f - a potion of haste
 h - a potion of flight {unknown}
 i - a potion of curing {unknown}


   Skills:
 + Level 6.5 Fighting
 + Level 4.5 Short Blades
 + Level 0.5 Long Blades
 + Level 0.5 Axes
 + Level 0.5 Maces & Flails
 + Level 0.5 Polearms
 + Level 0.5 Staves
 + Level 0.5 Slings
 + Level 0.5 Bows
 + Level 0.5 Crossbows
 + Level 0.5 Throwing
 + Level 0.5 Armour
 + Level 4.5 Dodging
 + Level 9.5 Stealth
 + Level 0.5 Shields
 + Level 0.5 Unarmed Combat
 + Level 0.5 Spellcasting
 + Level 0.4 Conjurations
 + Level 0.4 Hexes
 + Level 0.4 Summonings
 + Level 0.4 Necromancy
 + Level 0.4 Translocations
 + Level 0.4 Transmutations
 + Level 0.4 Fire Magic
 + Level 0.4 Ice Magic
 + Level 0.4 Air Magic
 + Level 0.4 Earth Magic
 + Level 0.4 Poison Magic
 + Level 0.7 Invocations
 + Level 0.5 Evocations


You had 3 spell levels left.
You didn't know any spells.
Your spell library was empty.

Dungeon Overview and Level Annotations

Branches:
Dungeon (5/15)
 Temple: D:4-7

Altars:


Innate Abilities, Weirdness & Mutations

You have very sharp teeth.
Your uncanny sense of smell can sniff out nearby items.
Your experience applies equally to all skills.


Message History

You are too injured to fight recklessly!
You closely miss the white imp.
The white imp is heavily wounded.
The white imp barely misses you.
You hit the white imp.
The white imp is heavily wounded.
The white imp hits you. The white imp freezes you.
You hit the white imp but do no damage.
The white imp is heavily wounded.
The white imp hits you.
* * * LOW HITPOINT WARNING * * *
The white imp freezes you.
* * * LOW HITPOINT WARNING * * *
You hit the white imp but do no damage.
The white imp is heavily wounded.
You hit the white imp but do no damage.
You bite the white imp, but do no damage.
The white imp is heavily wounded.
The white imp hits you but does no damage.
Unknown command.
You barely miss the white imp. Your bite misses the white imp.
The white imp is heavily wounded.
The white imp shouts, "Get thee hence, thou gorbellied half-faced flap-bat!"
The white imp closely misses you.
You hit the white imp.
The white imp is heavily wounded.
The white imp closely misses you.
You barely miss the white imp.
The white imp is heavily wounded.
The white imp closely misses you.
Unknown command.
You hit the white imp.
The white imp is severely wounded.
The white imp misses you.
You hit the white imp.
The white imp is almost dead.
The white imp hits you.
* * * LOW HITPOINT WARNING * * *
The white imp freezes you.
You die...

#.# #.# #.# #.# #.# #
#.# #.# ..
..############<# ...#
#.##...........#
.....##.##.###########
........##.#
......5@...#
...#########


You could see a white imp.

Vanquished Creatures
  An iguana (D:5)
1 creature vanquished.

Notes
Turn   | Place    | Note
-------+----------+-------------------------------------------
     0 | D:5      | Reached skill level 9 in Stealth
     0 | D:5      | DocClef the Gnoll Delver began the quest for the Orb.
     0 | D:5      | Reached XP level 1. HP: 23/23 MP: 1/1
    74 | D:5      | Noticed an iguana
    79 | D:5      | Killed an iguana
    80 | D:5      | Reached XP level 2. HP: 29/29 MP: 2/2
    80 | D:5      | Reached XP level 3. HP: 35/35 MP: 3/3
   172 | D:5      | Slain by a white imp

Illustrated notes

Levels and vault maps discovered:
D:5:      layout_loops_ring

Skill      XL: | |
---------------+-+-----
Stealth        | |  9.5
Fighting       | |  6.5
Short Blades   | |  4.5
Long Blades    | |  0.5
Axes           | |  0.5
Maces & Flails | |  0.5
Polearms       | |  0.5
Staves         | |  0.5
Slings         | |  0.5
Bows           | |  0.5
Crossbows      | |  0.5
Throwing       | |  0.5
Armour         | |  0.5
Dodging        | |  4.5
Shields        | |  0.5
Unarmed Combat | |  0.5
Spellcasting   | |  0.5
Conjurations   | |  0.4
Hexes          | |  0.4
Summonings     | |  0.4
Necromancy     | |  0.4
Translocations | |  0.4
Transmutations | |  0.4
Fire Magic     | |  0.4
Ice Magic      | |  0.4
Air Magic      | |  0.4
Earth Magic    | |  0.4
Poison Magic   | |  0.4
Invocations    | |  0.7
Evocations     | |  0.5

Action                   || total
-------------------------++-------
Melee: Short sword       ||    16
       Bite              ||     3
 Stab: Sleeping          ||     1
Armor: Leather armour    ||     1
Dodge: Dodged            ||     7

Table legend: (Time is in decaauts)
 A = Elapsed time spent in this place.
 B = Non-inter-level travel time spent in this place.
 C = Inter-level travel time spent in this place.
 D = Time resting spent in this place.
 E = Time spent auto-exploring this place.
 F = Levels seen in this place.
 G = Mean time per level.
                   A        B        C        D        E       F      G
               +--------+--------+--------+--------+--------+-----+--------+
         Total |    170 |    170 |      0 |      0 |    143 |   1 |  170.0 |
       Dungeon |    170 |    170 |      0 |      0 |    143 |   1 |  170.0 |
               +--------+--------+--------+--------+--------+-----+--------+

Top non-repeatable levels by time:
     D:5: 170 daAuts
